[Event "45th FIDE Olympiad 2024"]
[Site "Budapest"]
[Date "2024.09.15"]
[Round "5.105"]
[White "Murphy, Conor E"]
[Black "Bjerre, Jonas Buhl"]
[Result "0-1"]
[ECO "C55"]
[WhiteElo "2453"]
[BlackElo "2648"]
[Annotator "TA"]
[PlyCount "88"]
[EventDate "2024.09.05"]
[EventType "team-tourn"]
[EventCountry "HUN"]
[SourceTitle "playchess.com"]
[Source "ChessBase"]
[SourceQuality "1"]
[WhiteTeam "Ireland"]
[BlackTeam "Denmark"]
[WhiteTeamCountry "IRL"]
[BlackTeamCountry "DEN"]
[TimeControl "40/5400+30:1800+30"]

1. e4 e5 2. Nf3 Nc6 3. Bc4 d6 4. O-O Be7 5. d4 Nf6 6. Re1 {C55: Two Knights: 4 d3, 4 d4 exd4 5 e5 and Max Lange Attack.} Bg4 7. d5 Nd4 8. Nbd2 c6 9. h3 Bh5 $146 ({Predecessor:} 9... Nxf3+ 10. Nxf3 cxd5 11. exd5 Bxf3 12. Qxf3 O-O 13. Bd3 Nd7 14. c4 g6 15. Bh6 Re8 16. Bf5 Bf8 {½-½ Remizov,Y (2446)-Zvjaginsev,V (2574) Moscow Aeroflot op-A 2024 (7)}) 10. dxc6 bxc6 11. c3 Nxf3+ 12. Nxf3 O-O 13. Bg5 Nd7 14. Bxe7 Qxe7 15. Be2 Nc5 16. Nd4 exd4 17. Bxh5 dxc3 (17... Nxe4 $6 18. Qxd4 (18. cxd4 Qh4 $11) 18... f5 19. Bd1 $16) 18. bxc3 Qe5 (18... Nxe4 $6 19. f3 g6 20. Rxe4 $16) 19. Bf3 Qxc3 20. e5 dxe5 (20... d5 $11) 21. Rc1 $1 $16 Qb4 22. Qd6 $1 Na6 $1 (22... e4 $2 23. Rxe4 (23. Qxc5 Qxc5 24. Rxc5 exf3 $11) 23... Qxe4 24. Bxe4 Nxe4 25. Qxc6 $18) 23. Qxc6 ({Resist} 23. Qxe5 $6 Nb8 24. Rb1 (24. Bxc6 Nxc6 25. Rxc6 Rad8 $11) 24... Qa3 $18) 23... Qa3 24. Re3 Qa5 $2 (24... Qxa2 $14 25. Re2 (25. Qxa8 Rxa8 26. Bxa8 g6 $11) (25. Rxe5 Nb4 $11) 25... Qa3) 25. Qxa8 $2 (25. Re4 $1 $18) 25... Rxa8 $11 26. Bxa8 g6 27. a3 (27. Bb7 $11) 27... Nc7 $15 28. Bc6 Ne6 29. Rce1 {[#]} f6 $1 30. Rb1 Nd4 31. Ba8 Kg7 32. g3 {[#]} (32. Bf3 $17 {was called for.}) 32... f5 $1 $19 33. Bg2 e4 34. g4 Kf6 35. Rb7 $2 (35. gxf5 {might work better.} gxf5 36. Rd1) 35... Qd2 (35... Nc2 $142 36. Rbb3 Nxe3 37. Rxe3 Ke5 38. gxf5 gxf5) 36. Rb1 $2 (36. Bf1) 36... Ne2+ $19 37. Kf1 Nc3 38. Rb8 (38. Rbe1 $142 a5 39. Kg1) 38... f4 $19 39. Re1 Qd6 (39... e3 $142 40. fxe3 fxe3 41. Rf8+ Kg7) 40. Rb4 f3 41. Kg1 Ne2+ 42. Kh1 fxg2+ 43. Kxg2 Nf4+ 44. Kg1 Nxh3+ 0-1

[Event "45th FIDE Olympiad 2024"]
[Site "Budapest"]
[Date "2024.09.15"]
[Round "5.106"]
[White "Andersen, Mads"]
[Black "Baburin, Alexander"]
[Result "1-0"]
[ECO "B03"]
[WhiteElo "2598"]
[BlackElo "2376"]
[Annotator "RC"]
[PlyCount "83"]
[EventDate "2024.09.05"]
[EventType "team-tourn"]
[EventCountry "HUN"]
[SourceTitle "playchess.com"]
[Source "ChessBase"]
[SourceQuality "1"]
[WhiteTeam "Denmark"]
[BlackTeam "Ireland"]
[WhiteTeamCountry "DEN"]
[BlackTeamCountry "IRL"]
[TimeControl "40/5400+30:1800+30"]

1. e4 Nf6 2. e5 Nd5 3. c4 Nb6 4. d4 d6 5. f4 Bf5 6. Nc3 e6 7. Nf3 Be7 8. Bd3 Bg4 9. h3 Bxf3 10. Qxf3 dxe5 11. dxe5 Nc6 12. O-O Qd4+ 13. Kh1 O-O-O 14. Rd1 Nxc4 15. Qe2 N6a5 16. Bg6 Qb6 17. Bxf7 Rxd1+ 18. Qxd1 Rf8 19. Bh5 g5 20. Bg4 Kb8 21. Na4 Qf2 22. b3 Rd8 23. Qg1 Qc2 24. bxc4 Qxa4 25. fxg5 Nxc4 26. Bf4 Nd2 27. Be3 Ne4 28. Bxe6 Bxg5 29. Bxg5 Nxg5 30. Bb3 Qf4 31. Re1 Ne4 32. Qe3 Ng3+ 33. Kg1 Qh4 34. e6 Nf5 35. Qe5 Ne7 36. Rf1 a6 37. Rf7 Rg8 38. Kh2 Rg5 39. Rf8+ Ka7 40. Qxc7 Nc6 41. Rf7 Nd8 42. e7 1-0

[Event "45th FIDE Olympiad 2024"]
[Site "Budapest"]
[Date "2024.09.15"]
[Round "5.107"]
[White "Kanyamarala, Tarun"]
[Black "Olsen, Filip Boe"]
[Result "1/2-1/2"]
[ECO "D26"]
[WhiteElo "2361"]
[BlackElo "2441"]
[Annotator "TA"]
[PlyCount "57"]
[EventDate "2024.09.05"]
[EventType "team-tourn"]
[EventCountry "HUN"]
[SourceTitle "playchess.com"]
[Source "ChessBase"]
[SourceQuality "1"]
[WhiteTeam "Ireland"]
[BlackTeam "Denmark"]
[WhiteTeamCountry "IRL"]
[BlackTeamCountry "DEN"]
[TimeControl "40/5400+30:1800+30"]

1. d4 d5 2. c4 e6 3. Nc3 Nf6 4. Bg5 dxc4 5. e3 c5 6. Bxc4 cxd4 7. exd4 Be7 8. Nf3 O-O 9. O-O Nc6 10. a3 a6 11. Rc1 b5 12. Ba2 Bb7 13. Bxf6 Bxf6 14. d5 exd5 {The position is equal.} 15. Bxd5 Na5 16. Bxb7 Nxb7 17. Rc2 Qxd1 18. Rxd1 Rac8 19. Rdc1 Rfd8 20. Kf1 Rc4 21. b3 Rg4 22. h3 Rf4 23. Re1 Bxc3 24. Rxc3 Na5 25. Rd3 Rc8 26. Rc3 Rd8 27. Rd3 Rc8 28. Rc3 Rd8 29. Rd3 {Not much happened in this game.   Weighted Error Value: White=0.07 (flawless) /Black=0.03 (flawless) .  Inaccurate:     	White=1     	---        OK:         	White=7     	Black=8} 1/2-1/2

[Event "45th FIDE Olympiad 2024"]
[Site "Budapest"]
[Date "2024.09.15"]
[Round "5.108"]
[White "Ramsdal, Jens Albert"]
[Black "O'Gorman, Tom"]
[Result "1/2-1/2"]
[ECO "E11"]
[WhiteElo "2328"]
[BlackElo "2353"]
[Annotator "RC"]
[PlyCount "27"]
[EventDate "2024.09.05"]
[EventType "team-tourn"]
[EventCountry "HUN"]
[SourceTitle "playchess.com"]
[Source "ChessBase"]
[SourceQuality "1"]
[WhiteTeam "Denmark"]
[BlackTeam "Ireland"]
[WhiteTeamCountry "DEN"]
[BlackTeamCountry "IRL"]
[TimeControl "40/5400+30:1800+30"]

1. d4 d5 2. c4 e6 3. Nf3 Nf6 4. g3 Bb4+ 5. Bd2 a5 6. Qc1 O-O 7. Bg2 Be7 8. O-O c6 9. Bf4 Nbd7 10. Rd1 Nh5 11. Bd2 Nhf6 12. Bf4 Nh5 13. Bd2 Nhf6 14. Bf4 1/2-1/2

[Event "45th FIDE Olympiad 2024"]
[Site "Budapest"]
[Date "2024.09.15"]
[Round "5.109"]
[White "Fawzy, Adham"]
[Black "Meshkovs, Nikita"]
[Result "1/2-1/2"]
[ECO "C84"]
[WhiteElo "2507"]
[BlackElo "2534"]
[Annotator "TA"]
[PlyCount "44"]
[EventDate "2024.09.05"]
[EventType "team-tourn"]
[EventCountry "HUN"]
[SourceTitle "playchess.com"]
[Source "ChessBase"]
[SourceQuality "1"]
[WhiteTeam "Egypt"]
[BlackTeam "Latvia"]
[WhiteTeamCountry "EGY"]
[BlackTeamCountry "LAT"]
[TimeControl "40/5400+30:1800+30"]

1. e4 e5 2. Nf3 Nc6 3. Bb5 a6 4. Ba4 Nf6 5. O-O Nxe4 6. d4 Be7 7. Re1 b5 8. Rxe4 {[#] And now Bb3 would win.} ({Of course not} 8. Nxe5 Nxe5 9. dxe5 Nc5 $11 (9... Nxf2 10. Qf3 $11)) ({Don't play} 8. dxe5 Nxf2 9. Kxf2 bxa4 $17) 8... d5 9. Nxe5 Nxe5 10. Rxe5 {White is slightly better.} bxa4 11. Nc3 O-O 12. Re1 a3 {[#]} 13. Nxd5 $1 Qxd5 {The position is equal.} 14. Rxe7 Bh3 15. Qf3 (15. Qf1 {is more complex.} Qxd4 16. Qd3 Qg4 17. Qe4) 15... Qxf3 16. gxf3 Rae8 17. Re3 Re6 18. b3 Rg6+ 19. Kh1 Bg2+ 20. Kg1 Bh3+ 21. Kh1 Bg2+ 22. Kg1 Bh3+ {White did not feel at home in the position after the opening.   Weighted Error Value: White=0.06 (flawless) /Black=0.01 (flawless) .  Inaccurate:     	White=1     	---        OK:         	White=5     	Black=12     Best:        	---       	Black=1} 1/2-1/2

[Event "45th FIDE Olympiad 2024"]
[Site "Budapest"]
[Date "2024.09.15"]
[Round "5.109"]
[White "Yacouba, Souley Moussa"]
[Black "Christopher, Art"]
[Result "1/2-1/2"]
[ECO "D00"]
[WhiteElo "1645"]
[BlackElo "1779"]
[PlyCount "131"]
[EventDate "2024.09.05"]
[EventType "team-tourn"]
[EventCountry "HUN"]
[WhiteTeam "Niger"]
[BlackTeam "British Virgin Islands"]
[WhiteTeamCountry "NIG"]
[BlackTeamCountry "IVB"]
[TimeControl "40/5400+30:1800+30"]

1. d4 d5 2. Bf4 Bf5 3. e3 Nf6 4. c3 e6 5. Qb3 b6 6. Bb5+ Nfd7 7. Nf3 a6 8. Be2 c5 9. Qa4 c4 10. Nbd2 b5 11. Qd1 Nb6 12. Bg5 f6 13. Bf4 Nc6 14. Nh4 Be4 15. Nhf3 Na4 16. Qc1 Bg6 17. Nh4 Bf7 18. Bg3 Be7 19. Nhf3 O-O 20. O-O Rb8 21. Bxb8 Qxb8 22. Rb1 Bg6 23. Ra1 Bd6 24. Re1 e5 25. g3 Nb6 26. Nh4 Bf7 27. Bg4 h5 28. Bh3 Ne7 29. Nf5 Nxf5 30. Bxf5 g6 31. Bh3 e4 32. Kf1 h4 33. Qd1 hxg3 34. hxg3 Kg7 35. Ke2 Rh8 36. Rh1 g5 37. g4 Rh4 38. Qg1 Be6 39. Qg2 Qh8 40. Rag1 Na4 41. Rb1 Qc8 42. Rhc1 Rxh3 43. Rg1 Rh4 44. Ke1 Rxg4 45. Qh1 Rxg1+ 46. Qxg1 Qh8 47. Nf1 Qh5 48. Kd2 Qf3 49. Nh2 Bxh2 50. Qxh2 Bg4 51. Re1 Nxb2 52. Qg3 Qxg3 53. fxg3 Nd3 54. Rb1 Bd7 55. a4 Kg6 56. axb5 Bxb5 57. Ke2 Kh5 58. Rf1 Kg4 59. Rxf6 a5 60. Rb6 Be8 61. Rb8 Bh5 62. Ra8 Nc1+ 63. Kf2 Nd3+ 64. Kg2 Ne1+ 65. Kf2 Nd3+ 66. Kg2 1/2-1/2

[Event "45th FIDE Olympiad 2024"]
[Site "Budapest"]
[Date "2024.09.15"]
[Round "5.110"]
[White "Kantans, Toms"]
[Black "Wageih, Kareim"]
[Result "1-0"]
[ECO "B12"]
[WhiteElo "2486"]
[BlackElo "2402"]
[Annotator "TA"]
[PlyCount "107"]
[EventDate "2024.09.05"]
[EventType "team-tourn"]
[EventCountry "HUN"]
[SourceTitle "playchess.com"]
[Source "ChessBase"]
[SourceQuality "1"]
[WhiteTeam "Latvia"]
[BlackTeam "Egypt"]
[WhiteTeamCountry "LAT"]
[BlackTeamCountry "EGY"]
[TimeControl "40/5400+30:1800+30"]

1. e4 c6 2. d4 d5 3. e5 Bf5 4. Nf3 e6 5. Be2 Nd7 6. O-O h6 7. Nbd2 Ne7 {B12: Caro-Kann: Advance Variation.} 8. Nb3 g5 9. a4 Bg7 10. a5 a6 11. Bd2 Ng6 12. Ne1 h5 $146 (12... Nf4 $14) ({Predecessor:} 12... Nf4 13. Bxf4 gxf4 14. Bd3 Qg5 15. Bxf5 Qxf5 16. Qf3 c5 17. Nxc5 Nxc5 18. dxc5 Bxe5 {0-1 Chabris,C (2125)-Sevian,S (2660) PNWCC Online Masters WOO rapid 2020 (1.7)}) 13. Bxh5 $16 g4 (13... Nf4 $16 {was worth a try.}) 14. Bxg4 $18 Qh4 15. h3 O-O-O 16. Nf3 Qe7 17. Bxf5 exf5 18. Re1 f4 (18... Bh6 {is a better defense.} 19. Bxh6 Rxh6) 19. Qe2 $18 Ndf8 20. Nc5 Ne6 21. Bb4 Nh4 22. Nxe6 Qxe6 23. Ng5 Qg6 24. Qg4+ Nf5 {[#]} 25. Nf3 $1 (25. Qxf4 Bh6 26. Bd2 Rdg8 (26... Rhg8 $2 27. h4 $18)) 25... Qe6 26. Qxf4 Bh6 {[#]} 27. Qh2 $1 ({Don't go for} 27. Qg4 $2 Rdg8 28. Qh5 Bf4 $19) 27... Rdg8 28. Kf1 Bg7 $2 (28... Ng7 29. Re2 Qg6) 29. Ra3 Bh6 30. Rd3 Rh7 31. g4 Ne7 32. Bxe7 Qxe7 33. c3 Qc7 34. b4 Bf8 35. Qg2 Be7 36. Ng1 f5 37. exf6 Bxf6 38. Rf3 Be7 39. Rf5 Bd6 40. Qf3 Kb8 41. Rf6 Ka7 42. Re3 Rgg7 43. Kg2 Qd7 (43... Qd8 $142 44. Qf5 Rh8) 44. Qf5 $18 Qd8 45. Nf3 Be7 46. Rfe6 Rf7 47. Qe5 Qf8 48. Qg3 Qg7 49. g5 Bd8 50. g6 Bc7 51. Ne5 Rf5 52. gxh7 Rg5 53. Qxg5 Qxg5+ 54. Ng4 1-0

[Event "45th FIDE Olympiad 2024"]
[Site "Budapest"]
[Date "2024.09.15"]
[Round "5.111"]
[White "Wafa, Hamed"]
[Black "Miezis, Normunds"]
[Result "1-0"]
[ECO "B41"]
[WhiteElo "2368"]
[BlackElo "2417"]
[Annotator "TA"]
[PlyCount "97"]
[EventDate "2024.09.05"]
[EventType "team-tourn"]
[EventCountry "HUN"]
[SourceTitle "playchess.com"]
[Source "ChessBase"]
[SourceQuality "1"]
[WhiteTeam "Egypt"]
[BlackTeam "Latvia"]
[WhiteTeamCountry "EGY"]
[BlackTeamCountry "LAT"]
[TimeControl "40/5400+30:1800+30"]

1. e4 c5 2. Nf3 e6 3. d4 cxd4 4. Nxd4 a6 5. c4 Nf6 6. Nc3 Qc7 7. a3 b6 8. f4 Bb7 9. Bd3 d6 (9... Nc6 $11 10. Nxc6 Qxc6) 10. f5 {White is slightly better.} e5 11. Nc2 Nbd7 12. Nb4 Be7 13. O-O Nc5 14. Nbd5 (14. Ncd5 {simplifies} Nxd5 15. Nxd5 Bxd5 16. cxd5 O-O 17. Be3) 14... Qd8 15. Nxe7 (15. b4 {simplifies} Nxd5 16. Nxd5 Bxd5 17. cxd5 Nxd3 18. Qxd3 O-O 19. Be3) 15... Kxe7 16. Bg5 h6 17. Bh4 b5 18. b4 Nxd3 19. Qxd3 bxc4 20. Qxc4 {White has more active pieces.} (20. Qe3 $16) 20... Qb6+ $11 21. Kh1 Rhc8 22. Nd5+ Bxd5 23. Qxd5 Qb5 24. Qd2 Rc4 25. Rfe1 Qc6 26. Rad1 Rd8 27. Qe3 Rc8 28. h3 Rc3 29. Rd3 Rxd3 30. Qxd3 Qc4 31. Qe3 Rc7 32. Bxf6+ gxf6 ({Much weaker is} 32... Kxf6 $6 33. Qg3 g5 34. fxg6 fxg6 35. Rd1 $16) 33. Qxh6 {[%mdl 4096] Endgame. KQR-KQR} Qc2 34. Qe3 Rc3 35. Qa7+ Kf8 36. Qxa6 Rd3 37. a4 Qc3 38. Rb1 Qc2 39. Rg1 {Black should prevent a5.} Kg7 (39... Rd2 $11 {remains equal.}) 40. a5 $16 Qe2 $2 {[%mdl 8192] [#] A mistake that costs the game.} (40... Rb3 $16) 41. Qc4 $18 d5 42. exd5 Kf8 43. Qh4 Ke7 44. b5 Rxd5 45. Qb4+ Ke8 46. b6 {White mates.} Rd4 47. Qb1 Rd8 48. b7 Rb8 49. Qb6 {Weighted Error Value: White=0.08 (flawless) /Black=0.27 (precise) .  Loses game:     	---       	Black=1      Mistake:       	White=1     	Black=2      Inaccurate:     	White=2     	Black=2      OK:         	White=14    	Black=17     Best:        	White=2     	Black=2} 1-0

[Event "45th FIDE Olympiad 2024"]
[Site "Budapest"]
[Date "2024.09.15"]
[Round "5.112"]
[White "Starostits, Ilmars"]
[Black "Sadek, Sameh"]
[Result "1/2-1/2"]
[ECO "A47"]
[WhiteElo "2344"]
[BlackElo "2269"]
[Annotator "TA"]
[PlyCount "164"]
[EventDate "2024.09.05"]
[EventType "team-tourn"]
[EventCountry "HUN"]
[SourceTitle "playchess.com"]
[Source "ChessBase"]
[SourceQuality "1"]
[WhiteTeam "Latvia"]
[BlackTeam "Egypt"]
[WhiteTeamCountry "LAT"]
[BlackTeamCountry "EGY"]
[TimeControl "40/5400+30:1800+30"]

1. d4 Nf6 2. Nf3 e6 3. e3 b6 4. Bd3 Bb7 5. O-O c5 6. b3 g6 7. Nbd2 Bg7 8. Bb2 d5 {A47: 1 d4 Nf6 2 Nf3 b6: Torre, London and Colle Systems.} 9. dxc5 bxc5 10. c4 O-O 11. cxd5 exd5 12. Rc1 Nbd7 13. Qc2 Qe7 $146 ({Predecessor:} 13... Re8 14. Rfd1 Rc8 15. Qb1 a6 16. Qa1 Qe7 17. h3 Bh6 18. Re1 Rcd8 19. Rcd1 Bg7 20. Qb1 Nh5 21. Bxg7 Nxg7 22. e4 d4 23. e5 Nb6 {½-½ Ustinov,A (2099)-Volkov,S (2054) Vladimir op-B 2009 (3)}) 14. Rfd1 Rac8 15. Qb1 Rfe8 16. Qa1 Nh5 17. Bxg7 Nxg7 18. Qb2 Bc6 19. Qa3 f5 20. Ba6 Rb8 21. Ne1 Ne6 22. Nef3 Rb6 23. Bf1 Qf6 24. g3 a5 25. Bg2 Ra8 26. Rc2 a4 27. Qc1 axb3 28. Nxb3 Rba6 29. Rdd2 Kh8 30. h4 h6 31. Ne1 c4 32. Nd4 Nxd4 33. exd4 Kg7 34. Re2 R8a7 35. Nf3 Ba8 36. Qe1 Nf8 37. Re5 Rxa2 38. Rxa2 Rxa2 39. h5 Ra6 40. Nh4 Re6 41. Nxg6 (41. Bxd5 $2 Bxd5 42. Qe2 c3 43. Nf3 $19) 41... Rxe5 (41... Bb7 {was necessary.} 42. Nf4 (42. Bxd5 $2 Bxd5 43. Qc3 Rd6 $19) 42... Rxe5 43. dxe5 Qe7) 42. Nxe5 (42. dxe5 $142 Qb6 43. e6 Nxe6 (43... Nxg6 $2 44. e7 $18) 44. Qa1+ Qd4 45. Qxa8 Qd1+ 46. Bf1 Qxh5 47. Qh8+ (47. Qxd5 Qxg6 48. Bxc4 Ng5 $16) 47... Kf7 (47... Kxg6 $2 48. Qe8+ Kg5 49. Qxe6 $18) 48. Qh7+ Ng7 49. Nf4) 42... Qb6 $18 43. Nf3 Qe6 44. Qa5 Qc8 {[#]} 45. Qa7+ (45. Ne5 $1 $18 {is the precise move to win.}) 45... Bb7 $16 46. Ne1 (46. Ne5 {is interesting.} Nd7 47. Bh3 Qb8 48. Qa4) 46... Nd7 47. Qa3 Qe8 48. Nc2 Qxh5 (48... Nf6 $16 {might work better.}) 49. Ne3 $18 Qf7 {[#]} 50. Qd6 $2 (50. Bh3 $1 $18) 50... f4 $1 $14 51. gxf4 Nf6 52. Qe5 (52. Nf5+ $16 Kh7 53. Qb6) 52... Kh7 (52... c3 $14) 53. Bh3 $16 Bc6 54. Bf5+ Kg7 55. Bc2 Bd7 56. Kf1 Kf8 (56... Qh5 {is more complex.} 57. Ke1 Kf7 58. f5 Qh1+) 57. f5 Qe7 58. Qf4 (58. Nxd5 $2 {too greedy.} Qxe5 59. dxe5 Nxd5 $19) 58... Kg7 59. Qg3+ Kf8 60. Ng2 Ne4 61. Qb8+ Kf7 62. Qf4 Qg5 63. Qxg5 hxg5 64. Ne3 Nf6 65. Ke2 Ke7 66. Kf3 Be8 67. Kg3 Bh5 68. f4 gxf4+ 69. Kxf4 Bf7 70. Bb1 Kd6 71. Bc2 Ke7 72. Nd1 Kd6 73. Nc3 Ke7 74. Bd1 Kd6 75. Bf3 Bg8 76. Kg5 Ke7 77. Bd1 Ne4+ 78. Nxe4 dxe4 79. Kf4 Bd5 80. Bc2 c3 81. Bb1 (81. Bxe4 Bxe4 82. Kxe4 c2 83. Ke5 c1=Q (83... c1=B 84. f6+ Kf7 85. d5 $11) 84. f6+ Kf7 85. Ke4 Kxf6 86. Kd5 Kf5 87. Kd6 Qc4 88. Kd7 Qxd4+ 89. Kc6 Ke6 90. Kc7 Qd6+ 91. Kc8 Qd7+ 92. Kb8 Kd6 93. Ka8 Kc7 94. Ka7 Qa4#) 81... Kf6 82. Bc2 (82. Bxe4 {is a self mate.} Bxe4 83. Ke3 Bxf5 84. Ke2 c2 85. Kd2 Ke6 86. d5+ Kxd5 87. Kc1 Ke5 88. Kb2 Kf4 89. Kb3 c1=Q (89... c1=B 90. Kb4 Be3 91. Kb5 Ke5 92. Kc4 Ke4 93. Kb4 Kd5 94. Kb5 Bd3+ 95. Kb4 Bd2+ 96. Kb3 Kd4 97. Kb2 Kc4 98. Ka3 Kc3 99. Ka4 Kc2 100. Ka3 Bb5 101. Ka2 Bc1 102. Ka1 Bb2+ 103. Ka2 Bc4#) 90. Kb4 Be6 91. Kb5 Bd7+ 92. Kb4 Ke3 93. Kb3 Kd4 94. Kb4 Qc3#) 82... Ke7 1/2-1/2

[Event "45th FIDE Olympiad 2024"]
[Site "Budapest"]
[Date "2024.09.15"]
[Round "5.113"]
[White "Gazik, Viktor"]
[Black "Wiedenkeller, Michael"]
[Result "1-0"]
[ECO "C65"]
[WhiteElo "2561"]
[BlackElo "2406"]
[Annotator "TA"]
[PlyCount "61"]
[EventDate "2024.09.05"]
[EventType "team-tourn"]
[EventCountry "HUN"]
[SourceTitle "playchess.com"]
[Source "ChessBase"]
[SourceQuality "1"]
[WhiteTeam "Slovakia"]
[BlackTeam "Luxembourg"]
[WhiteTeamCountry "SVK"]
[BlackTeamCountry "LUX"]
[TimeControl "40/5400+30:1800+30"]

1. e4 e5 2. Nf3 Nc6 3. Bb5 Nf6 4. d3 Bc5 5. c3 O-O 6. O-O d6 7. Re1 Ne7 8. d4 Bb6 9. a4 {aiming for a5. The position is equal.} c6 10. Bf1 Ng6 11. Nbd2 Re8 12. Qc2 exd4 13. cxd4 Ba5 14. Re2 (14. h3 $11 {should be considered.}) 14... Nf4 15. Re3 d5 (15... Bg4 $11) 16. e5 $14 Ng4 {[#]} 17. Rea3 Ng6 (17... Bb4 $142) 18. Nb1 ({Better is} 18. h3 $16) 18... f6 $1 $11 19. h3 Nh6 20. Bxh6 gxh6 21. Bd3 Kg7 22. Rb3 Bc7 23. Nbd2 fxe5 24. dxe5 (24. Nxe5 {simplifies} Bxe5 25. dxe5 Rxe5 26. Nf3) 24... Nxe5 25. Bxh7 {And now Nxe5 would win.} Qd6 26. Nh4 {Dodges Ng6} ({White should play} 26. Nxe5 $14 Rxe5 27. Rd1) 26... Qf6 (26... Kh8 $11) 27. Ndf3 $1 $14 Rb8 (27... Nc4 $14) 28. Nxe5 $40 {[%mdl 128] White has strong attack.} Rxe5 29. Rf3 {Dancing on a razor blade.} Qd6 ({Stronger than} 29... Qxh4 30. Qg6+ Kh8 31. Qg8#) 30. Bf5 {White has more active pieces.} (30. Bg6 $16 Be6 31. Bf5 Rxf5 32. Nxf5+ Bxf5 33. Qxf5) 30... Be6 {[%mdl 8192] [#]} (30... Re2 $11 31. Qc3+ (31. Qxe2 $2 {leads to mate.} Qh2+ 32. Kf1 Qh1#) 31... Qe5) 31. Rg3+ {Weighted Error Value: White=0.19 (very precise) /Black=0.22 (precise) .  Loses game:     	---       	Black=1      Mistake:       	White=4     	Black=4      Inaccurate:     	---       	Black=3      OK:         	White=6     	Black=10     Best:        	White=5     	---        Strong:       	White=1     	Black=1} 1-0

[Event "45th FIDE Olympiad 2024"]
[Site "Budapest"]
[Date "2024.09.15"]
[Round "5.114"]
[White "Berend, Fred"]
[Black "Haring, Filip"]
[Result "1/2-1/2"]
[ECO "D30"]
[WhiteElo "2230"]
[BlackElo "2503"]
[Annotator "TA"]
[PlyCount "69"]
[EventDate "2024.09.05"]
[EventType "team-tourn"]
[EventCountry "HUN"]
[SourceTitle "playchess.com"]
[Source "ChessBase"]
[SourceQuality "1"]
[WhiteTeam "Luxembourg"]
[BlackTeam "Slovakia"]
[WhiteTeamCountry "LUX"]
[BlackTeamCountry "SVK"]
[TimeControl "40/5400+30:1800+30"]

1. d4 d5 2. c4 e6 3. Nf3 a6 4. Bg5 Be7 5. Bxe7 Nxe7 6. e3 Nd7 7. Nc3 O-O 8. Qc2 {White has an edge.} h6 9. Rc1 dxc4 10. Bxc4 b5 11. Be2 Bb7 $1 12. O-O Rc8 13. a4 c5 14. axb5 Bxf3 15. Bxf3 cxd4 16. exd4 axb5 {Threatens to win with ...b4.} 17. Qb3 Qc7 {[#]} 18. Nd5 $1 Qd6 19. Nxe7+ Qxe7 20. Qxb5 Rb8 21. Qe2 Qd6 {Inhibits d5.} 22. Rfd1 Nf6 23. Rd2 Rb4 24. Rc6 Qb8 25. Rc4 Rxc4 26. Qxc4 Rc8 27. Qf1 Qb4 28. Qd1 Rd8 29. g3 h5 30. h4 (30. Bxh5 $2 {loses.} Nxh5 31. Qc1 Nf6 $19 (31... Rxd4 $2 32. Rxd4 Qxd4 33. Qc8+ Kh7 34. Qc7 $19)) 30... g6 31. b3 Qc3 32. Rd3 Qb2 33. Rd2 Qc3 34. Rd3 Qb2 35. Rd2 {Weighted Error Value: White=0.04 (flawless) /Black=0.02 (flawless) .  Inaccurate:     	White=1     	---        OK:         	White=12    	Black=16     Strong:       	---       	Black=1} 1/2-1/2

[Event "45th FIDE Olympiad 2024"]
[Site "Budapest"]
[Date "2024.09.15"]
[Round "5.115"]
[White "Sahidi, Samir"]
[Black "Berend, Elvira"]
[Result "1/2-1/2"]
[ECO "A13"]
[WhiteElo "2474"]
[BlackElo "2219"]
[Annotator "TA"]
[PlyCount "148"]
[EventDate "2024.09.05"]
[EventType "team-tourn"]
[EventCountry "HUN"]
[SourceTitle "playchess.com"]
[Source "ChessBase"]
[SourceQuality "1"]
[WhiteTeam "Slovakia"]
[BlackTeam "Luxembourg"]
[WhiteTeamCountry "SVK"]
[BlackTeamCountry "LUX"]
[TimeControl "40/5400+30:1800+30"]

1. Nf3 d5 2. c4 e6 3. g3 Nf6 4. Bg2 dxc4 5. Qa4+ Bd7 6. Qxc4 c5 7. O-O Bc6 8. b3 Be7 9. Bb2 O-O 10. d3 Nbd7 11. Nbd2 Rc8 12. Rfd1 b5 13. Qc1 Nb6 14. Ne5 Bxg2 15. Kxg2 Nfd7 16. Ng4 Nf6 17. Nxf6+ Bxf6 18. Bxf6 Qxf6 19. Qa3 Qe7 20. Rac1 f5 (20... Qb7+ $11 21. Kg1 Nd7) 21. Qa6 $14 Qd7 22. Nf3 f4 23. Rd2 fxg3 24. hxg3 Rf5 {[#]} 25. a4 $1 bxa4 26. bxa4 Rcf8 27. d4 (27. Kg1 $16) 27... cxd4 (27... c4 $11 {keeps the balance.}) 28. Rxd4 Qf7 29. Qd3 h6 (29... Rd5 $142) 30. Rd8 Rxd8 31. Qxd8+ Qf8 32. Qxf8+ (32. Qc7 $16 Nxa4 33. Qxa7) 32... Kxf8 $16 {[%mdl 4096] Endgame. KRN-KRN} 33. Nd4 Ra5 (33... Re5 $14) 34. Rc7 ({Don't do} 34. Nxe6+ Ke7 $18) 34... g5 35. Nxe6+ Kg8 36. Nd4 {White is much more active.} ({But not} 36. Rg7+ $6 Kh8 $11) 36... Nxa4 (36... g4 $14) 37. Nc6 Ra6 38. Nxa7 Nc3 39. Rxc3 $18 Rxa7 {KR-KR} 40. f4 $1 Re7 $2 (40... Kg7 41. Kf3 gxf4) 41. Kf3 g4+ 42. Kf2 (42. Kxg4 $142 Rxe2 43. Kh5) 42... Kg7 43. Rc6 (43. Re3 $18 Ra7 44. Rc3) 43... Kh7 {[#]} (43... Re4 $16) 44. Rd6 ({White should try} 44. Rc4 $1 $18 {Strongly threatening f5.} Rb7 45. Rc3) 44... Re4 $16 45. e3 ({Better is} 45. Ke1 $16) 45... Ra4 $11 46. Ke2 Ra3 47. Rd3 Ra2+ 48. Rd2 Ra3 49. Kf2 Kg6 50. e4 Rf3+ 51. Kg2 Re3 52. Rd6+ Kh5 53. Rd5+ Kg6 54. e5 Kf5 55. Rd6 h5 56. Rh6 Ke4 57. e6 Re2+ 58. Kf1 Kf3 59. f5 (59. Rxh5 Rxe6 60. Re5 Rh6) 59... h4 60. Rxh4 $18 Ra2 61. Ke1 {aiming for Rh8.} Ra5 62. Rh7 {White threatens e7 and mate.} Ke3 {[#]} 63. Kd1 $2 (63. Rd7 $1 $18 {Intending f6 and mate.} Rxf5 64. e7) 63... Rxf5 $11 {The position is equal.} 64. Kc2 Re5 65. e7 Kf3 66. Kd3 Kxg3 67. Kd4 Re1 68. Kd5 Kg2 69. Kd6 g3 70. Rh6 {Re6 would kill now.} Rxe7 71. Kxe7 Kf2 72. Rf6+ Ke2 73. Rg6 Kf2 74. Rxg3 Kxg3 {Weighted Error Value: White=0.19 (very precise) /Black=0.22 (precise) .  Loses game:     	---       	Black=1      Mistake:       	White=6     	Black=8      Inaccurate:     	White=4     	Black=2      OK:         	White=14    	Black=35     Best:        	White=4     	Black=5      Strong:       	White=1     	---} 1/2-1/2